 Dungeon Crawl Stone Soup version 0.31-a0-1082-g7d1fb776a8 (webtiles) character file.

Game seed: 13053148777972774766

15113404 Arzdou the Demon Slayer (level 27, 273/273 HPs)
             Began as a Hill Orc Fighter on Nov 26, 2023.
             Was a High Priest of the Shining One.
             Escaped with the Orb
             ... and 14 runes on Nov 27, 2023!
             The game lasted 05:07:00 (89831 turns).

Arzdou the Demon Slayer (Hill Orc Fighter)         Turns: 89831, Time: 05:07:01

Health: 273/273    AC: 51    Str: 23      XL:     27
Magic:  40/40      EV: 22    Int: 17 (19) God:    the Shining One [*****.]
Gold:   3448       SH: 30    Dex: 11      Spells: 25/26 levels left

rFire   + . .        c - +9 sacred scourge (holy)
rCold   + + .        Q - +8 tower shield {rC+}
rNeg    + + .        h - +12 gold dragon scales
rPois   +            t - +2 helmet
rElec   +            b - +2 cloak {Will+}
rCorr   +            n - +0 pair of gloves {hurl}
SInv    +            V - +0 pair of boots
Will    ++++.        y - amulet "Leclyxkea" {rElec Regen+ Int+5} Stlth
                     U - ring of Fimoawk {Will+ EV+5}
HPRegen 1.45/turn    P - ring of the Mackerel {rPois rCorr EV+5 Dex-3 Slay+6}
MPRegen 0.27/turn

%: no passive effects
@: magic-sapped, glowing, studying Long Blades
A: thin skeletal structure 1, see invisible, clumsy 1, poison resistance,
teleportitis 1, MP-powered wands, noise suppression
0: Orb of Zot
}: 14/15 runes: decaying, slimy, silver, iron, obsidian, icy, bone, abyssal,
demonic, glowing, magical, fiery, dark, gossamer
a: Renounce Religion, Divine Shield, Cleansing Flame, Summon Divine Warrior


You escaped.
You worshipped the Shining One.
The Shining One was extremely pleased with you.
You visited 17 branches of the dungeon, and saw 83 of its levels.
You visited Pandemonium 1 time, and saw 13 of its levels.
You visited the Abyss 3 times.
You also visited: Trove, Bailey, Gauntlet and Desolation.

You collected 17418 gold pieces.
You spent 13970 gold pieces at shops.

Inventory:

Hand Weapons
 c - a +9 sacred scourge of holy wrath (weapon)
 r - the +6 sword of Cerebov {flame}
   (You took it off Cerebov in Pandemonium)

   The Shining One disapproves of the use of such an item.
 K - a +9 broad axe of electrocution
 M - the +13 sceptre of Asmodeus
   (You took it off Asmodeus on level 7 of Gehenna)

   Fire Summon: It may summon demons of flame and damnation when striking foes.
   The Shining One disapproves of the use of such an item.
Missiles
 d - 4 silver javelins (quivered)
 X - 6 throwing nets
Armour
 b - a +2 cloak of willpower (worn)
 h - +12 gold dragon scales (worn)
 n - a +0 pair of gloves of hurling (worn)
 t - a +2 helmet (worn)
 B - the orb of Dispater {+Damnation *Corrode AC+5}
   (You took it off Dispater on level 7 of the Iron City of Dis)

   +Damnation: It grants the ability to hurl damnation at the cost of health and
   magic, with strength depending on Evocations skill.
   AC+5:      It affects your AC (+5).
   *Corrode:  It may corrode you when you take damage.
   The Shining One disapproves of the use of such an item.
 I - the +5 Storm Queen's Shield {shock, Fly rElec}
   (You bought it in a shop on level 8 of the Dungeon)

   Shock:     When it blocks an attack, it may electrocute the attacker.
   This works even against foes who are a short distance away.
   rElec:     It insulates you from electricity.
   Fly:       It grants you flight.
 Q - a +8 tower shield of cold resistance (worn)
 V - a +0 pair of boots (worn)
Jewellery
 f - the ring of Dubbuidd {rF++ Int-2 SInv}
   (You found it in a treasure trove)

   [ring of see invisible]

   Int-2:     It affects your intelligence (-2).
   rF++:      It greatly protects you from fire.
   SInv:      It lets you see invisible.
 k - the ring "Qouweyps" {rC++ Dex+6 Stlth+}
   (You found it in the Desolation of Salt)

   [ring of dexterity]

   Dex+6:     It affects your dexterity (+6).
   rC++:      It greatly protects you from cold.
   Stlth+:    It makes you more stealthy.
 x - the amulet of the Air {Inacc Air Fly rElec RMsl}
   (You found it on level 5 of the Pits of Slime)

   [amulet of nothing]

   Inacc:     It reduces the accuracy of your attacks and spells.
   Air:       It enhances your air magic.
   rElec:     It insulates you from electricity.
   Fly:       It grants you flight.
   RMsl:      It protects you from missiles.
 y - the amulet "Leclyxkea" (around neck) {rElec Regen+ Int+5}
   (You found it in the Desolation of Salt)

   [amulet of regeneration]

   Int+5:     It affects your intelligence (+5).
   rElec:     It insulates you from electricity.
   Regen+:    It increases your rate of health regeneration.
 P - the ring of the Mackerel (right hand) {rPois rCorr EV+5 Dex-3 Slay+6}
   (You found it in a Gauntlet)

   [ring of evasion]

   EV+5:      It affects your evasion (+5).
   Dex-3:     It affects your dexterity (-3).
   Slay+6:    It affects your accuracy & damage with ranged weapons and melee
   (+6).
   rPois:     It protects you from poison rCorr: It protects you from acid and
   corrosion.
 U - the ring of Fimoawk (left hand) {Will+ EV+5}
   (You bought it in a shop on level 5 of the Dungeon)

   [ring of evasion]

   EV+5:      It affects your evasion (+5).
   Will+:     It increases your willpower.
 Z - the dreamshard necklace {Acrobat *Dream}
   (You found it in a treasure trove)

   [amulet of the acrobat]

   *Dream:    It absorbs a single lethal wound into itself, holding its wearer
   just short of death and releasing dream-creatures to guard them.
   Acrobat:   It increases your evasion while moving and waiting.
Talismans
 p - a granite talisman
Wands
 u - a wand of quicksilver (29)
 A - a wand of digging (45)
 G - a wand of paralysis (60)
 S - a wand of mindburst (58)
 Y - a wand of polymorph (35)
Scrolls
 e - 5 scrolls of fog
 g - 8 scrolls of blinking
 j - 10 scrolls of fear
 o - 19 scrolls of teleportation
 s - 9 scrolls of amnesia
 v - 12 scrolls of vulnerability
 C - 11 scrolls of poison
 D - a scroll of revelation
 L - 8 scrolls of immolation
 W - 7 scrolls of butterflies
Potions
 a - 6 potions of brilliance
 i - 13 potions of attraction
 m - 2 potions of might
 q - 10 potions of ambrosia
 w - 6 potions of berserk rage
 z - 13 potions of curing
 E - 5 potions of resistance
 F - 8 potions of heal wounds
 H - 16 potions of enlightenment
 N - 3 potions of magic
 O - 3 potions of haste
 T - 2 potions of cancellation
Miscellaneous
 l - a phial of floods
 J - a condenser vane
 R - a phantom mirror


   Skills:
 O Level 27 Fighting
 - Level 5.6(21.6) Axes
 O Level 27 Maces & Flails
 - Level 16.0 Throwing
 O Level 27 Armour
 + Level 20.4 Dodging
 + Level 23.6 Shields
 O Level 27 Invocations
 - Level 12.0 Evocations
 - Level 19.3 Shapeshifting


You had 25 spell levels left.
You knew the following spells:

 Your Spells              Type           Power      Damage    Failure   Level
a - Apportation           Tloc           0%         N/A       94%         1

Your spell library contained the following spells:

 Spells                   Type           Power      Damage    Failure   Level
 Foxfire                  Conj/Fire      0%         2x1d4     94%         1
 Kiss of Death            Conj/Necr      0%         2d5       94%         1
 Necrotise                Necr           0%         1d4       94%         1
 Sandblast                Erth           0%         2d4       94%         1
 Shock                    Conj/Air       0%         1d3       94%         1
 Slow                     Hex            0%         N/A       94%         1
 Sting                    Tmut/Pois      0%         1d3       94%         1
 Summon Small Mammal      Summ           0%         N/A       94%         1
 Cigotuvi's Dreadful Rot  Necr/Pois/Air  0%         N/A       98%         2
 Ensorcelled Hibernation  Hex/Ice        0%         N/A       98%         2
 Jinxbite                 Hex            0%         N/A       98%         2
 Momentum Strike          Conj/Tloc      0%         3d8       98%         2
 Passwall                 Tmut/Erth      0%         N/A       98%         2
 Poisonous Vapours        Pois/Air       0%         N/A       98%         2
 Scorch                   Fire           0%         2d5       98%         2
 Searing Ray              Conj           0%         2d4       98%         2
 Static Discharge         Conj/Air       0%         3-3/arc   98%         2
 Sublimation of Blood     Necr           0%         N/A       98%         2
 Wereblood                Tmut           0%         N/A       98%         2
 Call Canine Familiar     Summ           0%         N/A       100%        3
 Confusing Touch          Hex            0%         N/A       100%        3
 Dazzling Flash           Conj/Hex       0%         N/A       100%        3
 Frozen Ramparts          Ice            0%         1d1       100%        3
 Ignite Poison            Fire/Tmut/Pois 0%         N/A       100%        3
 Inner Flame              Hex/Fire       0%         N/A       100%        3
 Mephitic Cloud           Conj/Pois/Air  0%         N/A       100%        3
 Ozocubu's Armour         Ice            0%         N/A       100%        3
 Sigil of Binding         Hex            0%         N/A       100%        3
 Stone Arrow              Conj/Erth      0%         3d7       100%        3
 Summon Guardian Golem    Hex/Summ       0%         N/A       100%        3
 Swiftness                Air            0%         N/A       100%        3
 Tukima's Dance           Hex            0%         N/A       100%        3
 Vampiric Draining        Necr           0%         2d6       100%        3
 Volatile Blastmotes      Fire/Tloc      0%         2d10      100%        3
 Airstrike                Air            0%         2d(0-16)  100%        4
 Anguish                  Hex/Necr       0%         N/A       100%        4
 Animate Armour           Summ/Erth      0%         N/A       100%        4
 Brom's Barrelling Bould  Conj/Erth      0%         2d3       100%        4
 Cause Fear               Hex            0%         N/A       100%        4
 Dimensional Bullseye     Hex/Tloc       0%         N/A       100%        4
 Flame Wave               Conj/Fire      0%         2d4       100%        4
 Fulminant Prism          Conj/Hex       0%         3d5       100%        4
 Iskenderun's Mystic Bla  Conj/Tloc      0%         2d3       100%        4
 Leda's Liquefaction      Hex/Erth       0%         N/A       100%        4
 Manifold Assault         Tloc           0%         N/A       100%        4
 Olgreb's Toxic Radiance  Pois           0%         N/A       100%        4
 Passage of Golubria      Tloc           0%         N/A       100%        4
 Petrify                  Tmut/Erth      0%         N/A       100%        4
 Sticky Flame             Conj/Fire      0%         2d3       100%        4
 Summon Ice Beast         Ice/Summ       0%         N/A       100%        4
 Summon Lightning Spire   Summ/Air       0%         N/A       100%        4
 Alistair's Intoxication  Tmut/Pois      0%         N/A       100%        5
 Arcjolt                  Conj/Air       0%         1d10      100%        5
 Fireball                 Conj/Fire      0%         3d3       100%        5
 Freezing Cloud           Conj/Ice/Air   0%         6-21      100%        5
 Irradiate                Conj/Tmut      0%         3d11      100%        5
 Iskenderun's Battlesphe  Conj           0%         2d6       100%        5
 Lee's Rapid Deconstruct  Erth           0%         3d4*      100%        5
 Metabolic Englaciation   Hex/Ice        0%         N/A       100%        5
 Silence                  Hex/Air        0%         N/A       100%        5
 Summon Forest            Summ/Tloc      0%         N/A       100%        5
 Summon Mana Viper        Hex/Summ       0%         N/A       100%        5
 Yara's Violent Unravell  Hex/Tmut       0%         3d3       100%        5
 Conjure Ball Lightning   Conj/Air       0%         3x3d6     100%        6
 Eringya's Noxious Bog    Tmut/Pois      0%         4d6       100%        6
 Plasma Beam              Fire/Air       0%         2x1d10    100%        6
 Simulacrum               Ice/Necr       0%         N/A       100%        6
 Starburst                Conj/Fire      0%         6d3       100%        6
 Enfeeble                 Hex            0%         N/A       100%        7
 Malign Gateway           Summ/Tloc      0%         N/A       100%        7
 Monstrous Menagerie      Summ           0%         N/A       100%        7
 Orb of Destruction       Conj           0%         9d5       100%        7
 Ozocubu's Refrigeration  Ice            0%         4d7       100%        7
 Spellforged Servitor     Conj/Summ      0%         N/A       100%        7
 Summon Hydra             Summ           0%         N/A       100%        7
 Lehudib's Crystal Spear  Conj/Erth      0%         10d2      100%        8
 Chain Lightning          Conj/Air       0%         N/A       100%        9
 Dragon's Call            Summ           0%         N/A       100%        9
 Fire Storm               Conj/Fire      0%         5d1       100%        9
 Polar Vortex             Ice            0%         N/A       100%        9
 Shatter                  Erth           0%         3d5*      100%        9


Dungeon Overview and Level Annotations

Branches:
Dungeon (15/15)            Temple (1/1) D:7            Lair (5/5) D:11
  Swamp (4/4) Lair:3       Spider (4/4) Lair:3        Slime (5/5) Lair:4
    Orc (2/2) D:9             Elf (3/3) Orc:2        Vaults (5/5) D:13
  Crypt (3/3) Vaults:3       Tomb (0/3) Crypt:3      Depths (4/4) D:15
   Hell (visited)             Dis (7/7) Hell            Geh (7/7) Hell
    Coc (7/7) Hell            Tar (7/7) Hell            Zot (5/5) Depths:4
 Bailey (visited)         Desolation (visited)      Gauntlet (visited)

Altars:
Ashenzari
Cheibriados
Dithmenos
Elyvilon
Fedhas
Gozag
Hepliaklqana
Kikubaaqudgha
Makhleb
Nemelex Xobeh
Okawaru
Qazlal
Ru
Sif Muna
Trog
Uskayaw
Vehumet
Wu Jian
Xom
Yredelemnul
Zin
The Shining One

Shops:
D:5 =   D:8 [   D:9 ?**   D:12 [*   D:14 (   Orc:1 =   Orc:2 (:(**   Elf:1 [*
Vaults:3 (   Depths:3 (

Portals:
Hell: Depths:1 Depths:2 Depths:3 Depths:4
Abyss: Depths:2 Depths:3
Pandemonium: Depths:1 Depths:2
Ziggurat: Depths:2

Annotations:
Depths:3 4 transporters


Innate Abilities, Weirdness & Mutations

You have a somewhat thin skeletal structure. (Dex +2, Stealth+)
You have supernaturally acute eyesight. (SInv)
You are clumsy. (Dex -2)
Your system is resistant to poisons. (rPois)
You are occasionally teleported next to monsters.
You expend magic power (3 MP) to strengthen your wands.
You passively dampen the noise of your surroundings.


Message History

The Executioner hits you but does no damage.
You hit the demonspawn warmonger but do no damage.
The demonspawn warmonger is heavily wounded.
The Executioner hits you but does no damage.
The Executioner closely misses you.
The Executioner hits you but does no damage.
You block the demonspawn warmonger's attack. x3
You block the Executioner's attack.
The Executioner hits you but does no damage.
The Executioner misses you.
You hit the demonspawn warmonger.
The demonspawn warmonger convulses.
The demonspawn warmonger is severely wounded.
The Executioner completely misses you.
The Executioner hits you but does no damage.
You block the Executioner's attack.
You thrash the demonspawn warmonger!!
The demonspawn warmonger convulses!!
You kill the demonspawn warmonger!
The Shining One accepts your kill.
You feel better. You block the Executioner's attack. x4
The Executioner completely misses you.
The Executioner hits you but does no damage.
You thrash the Executioner!!
The Executioner convulses!
The Executioner is heavily wounded.
You block the Executioner's attack. x3
You closely miss the Executioner.
The Executioner is heavily wounded.
You block the Executioner's attack. x4
The Executioner hits you but does no damage. x2
You hit the Executioner.
The Executioner convulses.
The Executioner is heavily wounded.
You block the Executioner's attack. x4
The Executioner hits you but does no damage. x2
You thrash the Executioner!!
The Executioner convulses!
You kill the Executioner!
The Shining One accepts your kill.
No target in view!
Things that are here:
a +2 demon blade of venom; a +0 chain mail; a +2 tower shield of protection
There is a staircase leading out of the dungeon here.
You have escaped!

## ##.......## ##.## #....... #
##.........## #..# #.......
###...........####.## ###.....
##.....(#......###..# #.....
#......###......###.# #.....
......## ##......##.# #####)....
.....## ##....).#.# #.........
....## ##.......####....#....
>..## ##..@.....##....#....
....## ##.......#..'†...+....
.....## ##......#.#.##....#....
......## ##......##.#.##....#....
#.....[###......###.#.#######....
##......#......###..#.# #####
###...........####.##.# # #
##.........## #..##.# # ##
##.......## ##.###'###########


There were no monsters in sight!

Vanquished Creatures
  Cerebov (Pan)
  Asmodeus (Geh:7)
  Antaeus (Coc:7)
  A pandemonium lord (Pan)
  the Royal Jelly (Slime:5)
  Gloorx Vloq (Pan)
  the Serpent of Hell (Dis:7)
  Mnoleg (Pan)
  Lom Lobon (Pan)
  7 dread liches
  Dispater (Dis:7)
  Mennas (Vaults:3)
  4 ancient liches
  4 orbs of fire
  2 royal mummies (Crypt:3)
  2 juggernauts (Dis:7)
  6 Killer Klowns
  The ghost of Jymib the Ruinous, a veteran DgCj (Depths:2)
  Frederick (Depths:4)
  2 curse toes
  Margery (Vaults:4)
  14 shard shrikes
  Bai Suzhen (Vaults:5)
  Geryon (Hell)
  11 golden dragons
  20 caustic shrikes
  8 bone dragons
  4 profane servitors
  7 electric golems
  4 doom hounds
  4 iron giants
  5 Tzitzimimeh
  7 Brimstone Fiends
  9 hellephants
  21 tentacled monstrosities
  13 Ice Fiends
  8 Hell Sentinels
  Jorgrun (Spider:1)
  8 liches
  A walking earthen tome (Depths:3)
  A shard shrike skeleton (Abyss:3)
  27 Orb Guardians
  9 titans
  4 tainted leviathans
  10 quicksilver dragons
  2 deep elf blademasters (Elf:3)
  A deep elf master archer (Elf:3)
  18 acid blobs
  The ghost of Koge the Warrior, an adept HOMo of Beogh (Depths:2)
  8 sphinxes
  16 Executioners
  An eldritch tentacle (Slime:5)
  11 tentacled starspawn
  14 searing wretches
  16 ancient champions
  8 death cobs
  The ghost of Rehacw the Warrior, an adept HOMo of Beogh (Depths:3)
  The ghost of Cietoor the Warrior, an adept HOMo of Beogh (Depths:2)
  14 azure jellies
  5 draconian monks
  18 storm dragons
  3 revenants
  13 shadow dragons
  A fenstrider witch (Swamp:4)
  8 rockslimes
  4 tengu reavers (Vaults:5)
  A daeva (Zot:5)
  An imperial myrmidon (Desolation)
  A fenstrider witch (shapeshifter) (Vaults:5)
  Roxanne (Spider:2)
  12 frost giants
  9 draconian knights
  6 narguns
  A demonspawn warmonger (D:1)
  7 quicksilver elementals
  7 deep elf sorcerers
  2 emperor scorpions
  An angel (Abyss:3)
  26 vault wardens
  7 ghost moths
  19 fire giants
  6 draconian shifters
  8 iron dragons
  3 draconian scorchers
  24 balrugs
  9 curse skulls
  2 deep elf elementalists (Elf:3)
  A quicksilver ooze (shapeshifter) (Vaults:4)
  8 draconian annihilators
  22 ironbound preservers
  The ghost of Scuka the Executioner, a journeyman MiBe of Trog (Orc:2)
  33 war gargoyles
  A caustic shrike zombie (Hell)
  A spectral caustic shrike (Tar:3)
  5 orc warlords
  6 draconian stormcallers
  8 shard shrike simulacra
  3 ghouls
  7 quicksilver oozes
  8 cacodemons
  3 demonspawn blood saints (Pan)
  A demonspawn corrupter (Pan)
  7 formless jellyfish
  5 ironbound thunderhulks
  A starflower (Abyss:4)
  14 stone giants
  25 very ugly things
  5 vampire knights
  A formless jellyfish (shapeshifter) (Depths:3)
  A juggernaut skeleton (Crypt:3)
  3 broodmothers
  2 spriggan defenders
  4 eleionomae
  11 reapers
  6 putrid mouths (Tar:3)
  7 deep elf demonologists
  10 green draconians
  12 elemental wellsprings
  13 deep elf annihilators
  5 lorocyprocas
  11 black draconians
  3 demonspawn black suns
  6 purple draconians
  7 spark wasps
  6 yellow draconians
  3 bunyips
  12 dire elephants
  15 red draconians
  16 wendigos
  2 minotaurs
  5 occultists
  6 blizzard demons
  A halazid warlock (Desolation)
  12 white draconians
  7 eidola
  9 iron golems
  6 green deaths
  6 ettins
  10 fire dragons
  7 deep elf death magi
  8 entropy weavers
  A quicksilver dragon zombie (Crypt:1)
  2 ragged hierophants (Desolation)
  2 spectral golden dragons (Zot:4)
  13 great orbs of eyes
  14 yaktaur captains
  A spectral fenstrider witch (Tar:1)
  16 jiangshi
  Fannar (Lair:3)
  5 servants of whispers (Desolation)
  7 deep elf high priests
  5 spectral spriggans
  11 ice dragons
  38 vault guards
  6 hell beasts
  4 peacekeepers
  11 caustic shrike simulacra
  6 salamander tyrants
  18 hydras
  2 spriggan skeletons (Crypt:3)
  A quicksilver dragon skeleton (Crypt:1)
  4 rakshasas
  3 spectral tengu (Depths:3)
  A catoblepas (shapeshifter) (Vaults:5)
  A catoblepas (D:14)
  8 alligators
  6 ironbound frosthearts
  4 spriggan air magi
  2 ghost crabs
  2 jorogumos
  8 stokers
  9 centaur warriors
  A radroach (Spider:2)
  An anaconda (shapeshifter) (Abyss:4)
  5 boulder beetles
  2 death knights
  5 juggernaut simulacra (Coc:7)
  27 dancing weapons
  A two-headed ogre (D:10)
  5 deep troll shamans (Depths:2)
  A boulder beetle (shapeshifter) (Depths:1)
  7 deep troll earth magi
  25 demonic crawlers
  29 hell hogs
  A spectral dire elephant (Tar:1)
  9 vampire magi
  27 thrashing horrors
  5 tengu warriors
  5 spriggan berserkers
  Nergalle (Lair:3)
  40 sun demons
  6 orc high priests (Orc:2)
  11 soul eaters
  A spectral storm dragon (Zot:4)
  22 hell knights
  10 wretched stars
  11 deep elf knights
  14 sixfirhies
  8 iron trolls
  11 crystal echidnas
  3 pharaoh ants
  A spectral bunyip (Tar:1)
  14 shadow wraiths
  2 storm dragon zombies
  A salamander mystic (D:15)
  2 skysharks
  A death drake (Abyss:3)
  21 skeletal warriors
  A spark wasp zombie (Crypt:1)
  A sun moth (Lair:3)
  An anaconda zombie (Hell)
  2 spriggan druids
  2 spectral anacondas
  A shadow demon (Abyss:3)
  14 orb spiders
  4 goliath frogs
  5 glowing orange brains
  22 ironbound convokers
  A bunyip skeleton (Crypt:3)
  3 deep elf archers
  50 deep trolls
  A shadow dragon zombie (Vaults:4)
  3 flayed ghosts
  7 swamp dragons
  2 quicksilver dragon simulacra (Coc:7)
  11 bog bodies
  Pikel (D:4)
  8 arcanists
  2 iron giant skeletons (Crypt:2)
  A spectral iron dragon (Depths:3)
  6 lindwurms (Vaults:1)
  19 deep elf zephyrmancers
  2 obsidian statues
  14 phantasmal warriors
  22 necromancers
  5 steelbarb worms
  10 orc knights
  A mana viper (Abyss:3)
  33 wolf spiders
  5 orc sorcerers (Pan)
  3 alligator zombies (Hell)
  An eleionoma zombie (Crypt:1)
  A shadow dragon skeleton (Pan)
  4 human zombies
  3 shining eyes
  A tengu skeleton (Pan)
  6 manticores
  14 deep elf pyromancers
  36 moths of wrath
  A shining eye (shapeshifter) (Vaults:5)
  3 stone giant zombies
  34 ugly things
  2 fire giant zombies (Hell)
  2 spectral ettins (Tar:1)
  A frost giant skeleton (Depths:2)
  6 will-o-the-wisps
  A manticore (shapeshifter) (Vaults:4)
  6 worldbinders
  2 guardian serpents
  2 centaur zombies
  A spectral centaur (Tar:1)
  4 eyes of devastation
  6 cyclopes
  18 elephants
  A stone giant skeleton (Vaults:4)
  10 fire giant skeletons (Crypt:3)
  A toenail golem (Zot:5)
  7 torpor snails
  5 black mambas
  3 centaur skeletons
  An apocalypse crab (Abyss:3)
  22 vault sentinels
  A torpor snail (shapeshifter) (D:15)
  11 rust devils
  2 unseen horrors
  8 orange demons
  2 storm dragon simulacra
  6 titan simulacra
  16 cane toads
  39 smoke demons
  An eye of devastation (shapeshifter) (Vaults:5)
  5 gargoyles
  4 rime drakes
  11 molten gargoyles
  47 large abominations
  A black draconian zombie (Crypt:1)
  17 hellions
  2 dire elephant skeletons
  28 yaktaurs
  19 tormentors
  An alligator snapping turtle skeleton (Abyss:3)
  4 tengu conjurers
  8 ancient zymes
  4 sea snake zombies (Hell)
  An efreet (D:14)
  4 spectral harpies
  3 anaconda simulacra
  11 komodo dragons
  7 ice devils
  4 golden dragon simulacra
  8 freezing wraiths
  A sea snake skeleton (Hell)
  A white draconian skeleton (Crypt:1)
  An iron giant simulacrum (Coc:7)
  A troll (shapeshifter) (Elf:3)
  11 trolls
  3 guardian mummies (Crypt:3)
  2 harpy zombies
  A silent spectre (Tar:1)
  A death yak skeleton (Crypt:2)
  A red devil (D:9)
  5 meliai
  10 hellwings
  37 blink frogs
  35 tarantellas
  2 tarantellas (shapeshifter)
  A bloated husk (Swamp:3)
  4 polar bears
  12 hornets
  3 hydra skeletons
  Prince Ribbit (D:8)
  2 harpy skeletons
  49 saltlings
  A dream sheep (shapeshifter) (Depths:2)
  2 stone giant simulacra
  16 raiju
  10 dream sheep (Lair:5)
  An ettin zombie (Vaults:1)
  3 tyrant leeches
  4 glass eyes
  3 spriggan zombies
  A draconian simulacrum (Zot:4)
  113 slime creatures
  2 air elementals
  6 fire dragon skeletons
  6 shadows
  A culicivora (shapeshifter) (Vaults:4)
  3 flying skulls (Crypt:1)
  9 spriggans
  2 ettin skeletons
  23 small abominations
  3 vampires
  4 fire elementals
  31 jumping spiders
  5 wyverns
  28 culicivoras
  4 fire bats (Abyss:3)
  15 ynoxinuls
  2 dire elephant simulacra
  13 wraiths
  49 yaks
  3 basilisks
  5 water elementals
  An elf zombie (Vaults:2)
  A purple draconian simulacrum (Zot:3)
  An alligator snapping turtle simulacrum (Coc:1)
  2 black mamba skeletons
  2 death yak simulacra (Lair:5)
  A human simulacrum (Vaults:2)
  3 steam dragons
  42 redbacks
  8 chaos spawn
  18 vampire mosquitoes
  15 neqoxecs
  A spectral cane toad (Lair:5)
  Grum (D:9)
  9 harpy simulacra
  3 acid dragons
  3 wargs
  11 swamp worms
  Edmund (D:4)
  A hell hound (Gauntlet)
  18 water moccasins
  A fire bat skeleton (Crypt:2)
  A demonspawn skeleton (Crypt:2)
  Duvessa (D:4)
  A naga skeleton (Crypt:3)
  A moth of wrath simulacrum (Zot:3)
  A swamp drake (Swamp:4)
  An ice beast (shapeshifter) (Vaults:2)
  47 orc warriors
  2 black bears (D:5)
  A deep troll skeleton (Crypt:1)
  A cane toad skeleton (Crypt:1)
  3 ice beasts
  3 ettin simulacra
  2 elephant zombies (Lair:5)
  2 swamp dragon skeletons (Pan)
  23 wolves
  68 starcursed masses
  9 centaurs
  A lemure (D:4)
  5 ogres
  4 kobold brigands
  15 bullfrogs
  4 earth elementals
  2 naga simulacra
  4 necrophages
  A gnoll sergeant (D:9)
  A draconian skeleton (Crypt:2)
  7 scorpions
  2 cane toad simulacra (Lair:5)
  2 glowing shapeshifter simulacra (Depths:3)
  3 human skeletons
  17 wights
  4 troll zombies (Swamp:1)
  Dowan (D:4)
  2 jellies
  A queen bee zombie (Crypt:2)
  14 killer bees
  A troll skeleton (Swamp:1)
  2 howler monkeys (D:8)
  3 electric eels
  A yak skeleton (Crypt:2)
  A lava snake (D:9)
  A crimson imp (Abyss:3)
  A quasit (Abyss:3)
  3 hounds
  38 orc priests
  A gnoll bouda (D:7)
  2 iron imps (Abyss:4)
  A sleepcap (D:5)
  2 iguanas
  Ijyb (D:3)
  27 orc wizards
  7 hell rats
  6 mummies (Crypt:3)
  Robin (D:3)
  10 gnolls
  9 adders
  A shadow imp (Abyss:3)
  2 white imps
  11 ufetubi
  An iguana skeleton (Crypt:1)
  8 worms
  3 dart slugs
  99 orcs
  6 ball pythons
  9 bats
  6 endoplasms
  5 giant cockroaches
  8 goblins
  8 hobgoblins
  28 kobolds
  4 quokkas
  2 frilled lizards
  A goblin skeleton (Crypt:1)
  7 rats
  A river rat skeleton (Crypt:1)
  3 creeping infernos
  2 fire vortices
  2 lurking horrors
  A spectral weapon (Vaults:5)
  12 starspawn tentacles
3545 creatures vanquished.

Vanquished Creatures (collateral kills)
  The ghost of Heisao the Wrestler, a legendary TrBe of Trog (Zot:4)
  An ancient lich (Tar:3)
  Khufu (Crypt:3)
  A juggernaut (Dis:7)
  Josephina (Zot:3)
  Parghit (Depths:3)
  2 caustic shrikes (Dis:1)
  A curse toe (Zot:4)
  Jory (Depths:3)
  A golden dragon (Zot:1)
  2 profane servitors (Tar:3)
  2 bone dragons
  5 Brimstone Fiends
  3 Tzitzimimeh
  A doom hound (Tar:3)
  An iron giant (Dis:7)
  6 tentacled monstrosities
  A Hell Sentinel (Dis:7)
  3 Ice Fiends
  3 tainted leviathans
  4 titans
  4 searing wretches
  A sphinx (Crypt:3)
  A deep elf master archer (Elf:3)
  A deep elf blademaster (Elf:2)
  3 eldritch tentacles
  A death cob (Zot:1)
  A storm dragon (Zot:4)
  3 shadow dragons
  4 narguns
  A fire giant (Geh:7)
  2 deep elf sorcerers (Elf:3)
  A draconian knight (Zot:2)
  5 vault wardens
  A ghost moth (Zot:2)
  2 frost giants
  A caustic shrike zombie (Hell)
  A quicksilver elemental (Dis:7)
  An iron dragon (Vaults:5)
  An imperial myrmidon (Desolation)
  Louise (Swamp:1)
  A deep elf elementalist (Elf:3)
  3 curse skulls (Coc:5)
  A draconian shifter (Zot:3)
  A war gargoyle (Dis:7)
  3 cacodemons (Pan)
  6 balrugs
  2 shard shrike simulacra (Coc:5)
  5 reapers
  2 elemental wellsprings
  4 draconian annihilators
  3 stone giants (Vaults:5)
  5 very ugly things
  3 deep elf demonologists
  3 green draconians
  2 putrid mouths (Tar:4)
  2 wendigos
  A yellow draconian (Zot:3)
  A deep elf annihilator (Elf:3)
  A halazid warlock (Desolation)
  A black draconian (Zot:4)
  3 red draconians
  3 purple draconians
  3 white draconians (Zot:1)
  2 crystal guardians (Desolation)
  3 iron golems (Dis:7)
  An ettin (Vaults:5)
  3 deep elf death magi (Elf:3)
  A fire dragon (Depths:1)
  A yaktaur captain (Vaults:5)
  A deep elf high priest (Vaults:5)
  2 entropy weavers
  2 ragged hierophants (Desolation)
  2 ice dragons
  6 servants of whispers (Desolation)
  2 salamander tyrants (Geh:7)
  A rakshasa (Depths:2)
  4 vault guards (Vaults:5)
  4 peacekeepers (Desolation)
  A spriggan air mage (Depths:1)
  2 juggernaut simulacra
  2 ironbound frosthearts (Vaults:4)
  A stoker (Geh:7)
  A sphinx zombie (Hell)
  A merfolk avatar (Abyss:3)
  A spectral draconian (Zot:4)
  3 demonic crawlers
  6 hell hogs
  2 deep troll shamans (Depths:1)
  A tengu warrior (Depths:3)
  A deep troll earth mage (Depths:1)
  3 soul eaters
  2 crystal echidnas (Dis:7)
  A spectral naga (Tar:4)
  13 sun demons
  A sixfirhy (Pan)
  A deep troll (Depths:1)
  5 shadow wraiths
  An iron troll (Depths:1)
  A quicksilver dragon simulacrum (Coc:4)
  A spectral hydra (Tar:3)
  A skeletal warrior (Crypt:3)
  A steelbarb worm (Spider:4)
  2 orb spiders (Spider:4)
  2 flayed ghosts (Crypt:3)
  4 ironbound convokers
  5 phantasmal warriors
  A large abomination (Pan)
  A frost giant zombie (Hell)
  3 ugly things
  A fire giant zombie (Hell)
  A necromancer (Hell)
  2 moths of wrath
  2 wolf spiders (Spider:4)
  A fire giant skeleton (Crypt:3)
  A molten gargoyle (Desolation)
  A rust devil (Pan)
  A guardian serpent (Desolation)
  A storm dragon simulacrum (Depths:3)
  An orange demon (Pan)
  2 titan simulacra
  A hellion (Tar:4)
  2 spriggan zombies (Hell)
  4 ice devils (Hell)
  2 tormentors
  A guardian mummy (Crypt:3)
  A red devil (Hell)
  3 golden dragon simulacra
  A shadow dragon simulacrum (Depths:3)
  A silent spectre (Tar:4)
  3 tarantellas (Spider:4)
  A hornet (Spider:4)
  19 saltlings (Desolation)
  A harpy skeleton (Pan)
  A blink frog (Abyss:3)
  A glass eye (Depths:1)
  A slime creature (Slime:5)
  5 jumping spiders (Spider:4)
  4 ynoxinuls (Pan)
  4 culicivoras (Spider:4)
  A shadow (Crypt:3)
  A centaur simulacrum (Coc:1)
  A fire dragon skeleton (Crypt:3)
  A basilisk (shapeshifter) (Depths:1)
  7 redbacks (Spider:4)
  4 neqoxecs (Pan)
  A chaos spawn (Pan)
  4 harpy simulacra
  A moth of wrath simulacrum (Zot:3)
  An orc warrior (Vaults:5)
  An ettin simulacrum (Coc:6)
  2 naga simulacra (Coc:4)
  A wight (Crypt:3)
  2 hell rats (Hell)
  A mummy (Crypt:3)
  3 orcs (Vaults:5)
  2 fire vortices
347 creatures vanquished.

Vanquished Creatures (others)
  An Ice Fiend (Coc:7)
  An eldritch tentacle (Pan)
  An iron dragon (Depths:2)
  A demonspawn blood saint (Pan)
  A very ugly thing (Vaults:5)
  A green draconian (Zot:4)
  An elemental wellspring (Coc:4)
  A deep elf annihilator (Pan)
  An ice dragon (Coc:7)
  3 caustic shrike simulacra
  3 juggernaut simulacra
  2 iron trolls (Depths:2)
  A sixfirhy (Pan)
  A quicksilver dragon simulacrum (Coc:4)
  2 spriggan simulacra
  An arcanist (Pan)
  A wolf spider (Spider:3)
  3 smoke demons (Pan)
  2 titan simulacra
  An orange demon (Pan)
  A freezing wraith (Coc:3)
  A bunyip simulacrum (Coc:1)
  An iron giant simulacrum (Coc:4)
  A spectral glowing shapeshifter (Depths:3)
  A bloated husk (Swamp:1)
  3 hellwings (Pan)
  2 tarantellas
  2 blink frogs (Lair:3)
  A stone giant simulacrum (Coc:5)
  A saltling (Desolation)
  2 iron dragon simulacra
  2 ynoxinuls (Pan)
  A neqoxec (Pan)
  6 harpy simulacra
  A small abomination (Abyss:3)
  A water moccasin (D:9)
  A swamp drake (Lair:3)
  An ettin simulacrum (Coc:7)
  A wolf (Gauntlet)
  A naga simulacrum (Coc:5)
  2 hell rats (Hell)
  An orc (Orc:1)
  3 ball lightnings (Pan)
  13 foxfires
  20 starspawn tentacles
99 creatures vanquished.

Grand Total: 3991 creatures vanquished

Notes
Turn   | Place    | Note
-------+----------+-------------------------------------------
     0 | D:1      | Arzdou the Hill Orc Fighter began the quest for the Orb.
     0 | D:1      | Reached XP level 1. HP: 19/19 MP: 1/1
   387 | D:1      | Reached XP level 2. HP: 27/27 MP: 2/2
   728 | D:2      | Reached XP level 3. HP: 33/33 MP: 3/3
   881 | D:2      | Reached skill level 5 in Axes
   990 | D:2      | Reached XP level 4. HP: 40/40 MP: 4/4
  1016 | D:2      | Identified the +1 whip of the Enchanting Gods {elec, Will+
                  | Str+5}
  1283 | D:3      | Reached skill level 1 in Maces & Flails
  1436 | D:3      | Reached XP level 5. HP: 46/46 MP: 5/5
  1505 | D:3      | Noticed Ijyb
  1525 | D:3      | Noticed Robin
  1538 | D:3      | Killed Robin
  1948 | D:3      | Killed Ijyb
  2013 | D:3      | Reached XP level 6. HP: 52/52 MP: 6/6
  2166 | D:3      | Found a faded altar of an unknown god.
  2560 | D:4      | Noticed Edmund
  2577 | D:3      | Reached skill level 5 in Maces & Flails
  2880 | D:4      | Reached XP level 7. HP: 35/58 MP: 7/7
  2966 | D:4      | Noticed Dowan
  2996 | D:4      | Killed Dowan
  3049 | D:5      | Entered Level 5 of the Dungeon
  3171 | D:5      | Reached XP level 8. HP: 47/66 MP: 8/8
  3418 | D:5      | Reached skill level 10 in Maces & Flails
  3680 | D:4      | Killed Edmund
  3802 | D:5      | Found Haseyn's Jewellery Boutique.
  4198 | D:5      | Found a burning altar of Makhleb.
  4261 | D:5      | Found a sacrificial altar of Ru.
  4483 | D:4      | Noticed Pikel
  4505 | D:4      | Killed Pikel
  4506 | D:4      | Reached XP level 9. HP: 58/73 MP: 9/9
  4867 | D:4      | Got the Verses on Repulsive Detritus
  4873 | D:4      | Found a blossoming altar of Fedhas.
  4874 | D:4      | Found a shimmering altar of Xom.
  4875 | D:4      | Found a sparkling altar of Nemelex Xobeh.
  4951 | D:4      | Noticed Duvessa
  4964 | D:4      | Killed Duvessa
  4965 | D:4      | Reached skill level 5 in Fighting
  5144 | D:6      | Found a bloodstained altar of Trog.
  5252 | D:6      | Identified 2 scrolls of acquirement
  5252 | D:6      | Acquired 1130 gold pieces
  5809 | D:6      | Found an iron altar of Okawaru.
  5899 | D:6      | Found a white marble altar of Elyvilon.
  6603 | D:6      | Acquired an amulet of regeneration
  6850 | D:7      | Found a staircase to the Ecumenical Temple.
  6899 | Temple   | Entered the Ecumenical Temple
  6913 | Temple   | Became a worshipper of the Shining One
  7114 | D:7      | Identified the amulet "Hatt" {Faith Rampage}
  7221 | D:7      | Reached skill level 10 in Fighting
  7221 | D:7      | Reached XP level 10. HP: 93/93 MP: 10/10
  7958 | D:8      | Noticed Prince Ribbit
  7970 | D:8      | Killed Prince Ribbit
  8224 | D:8      | Reached * piety under the Shining One
  8268 | D:8      | Found Larghi's Antique Armour Emporium.
  8275 | D:8      | Bought the +5 Storm Queen's Shield {shock, Fly rElec} for
                  | 1276 gold pieces
  8275 | D:8      | Found the +5 Storm Queen's Shield {shock, Fly rElec}
  8592 | D:9      | Found Eroisasa's Assorted Antiques.
  8617 | D:9      | Found Wogibe Tuut's General Store.
  8664 | D:9      | Found a flagged portal.
  8665 | D:9      | Noticed a smoke demon
  8682 | D:9      | Killed a smoke demon
  8683 | D:9      | Reached skill level 5 in Shields
  8809 | Bailey   | Entered a bailey
  9009 | Bailey   | Reached XP level 11. HP: 104/104 MP: 11/11
  9010 | Bailey   | Reached XP level 12. HP: 112/112 MP: 12/12
  9062 | Bailey   | Identified the +1 crystal plate armour of the Everdark {rC-
                  | Will- Regen+ Dex+9}
  9156 | D:9      | Reached skill level 10 in Armour
  9160 | D:9      | Found Gonaopni's Magic Scroll Shoppe.
  9160 | D:9      | Reached ** piety under the Shining One
  9183 | D:9      | Bought a scroll of blinking for 127 gold pieces
  9183 | D:9      | Bought a scroll of teleportation for 51 gold pieces
  9204 | D:10     | Entered Level 10 of the Dungeon
  9255 | D:9      | Bought a potion of curing for 69 gold pieces
  9345 | D:9      | Reached skill level 1 in Invocations
  9494 | D:9      | Noticed Grum
  9504 | D:9      | Killed Grum
  9655 | D:9      | Reached XP level 13. HP: 103/118 MP: 16/16
  9683 | D:9      | Identified the +1 ring mail "Gaunkiug" {Str+4}
  9734 | D:9      | Found a staircase to the Orcish Mines.
  9812 | D:10     | Reached skill level 5 in Invocations
 10030 | D:10     | Found a basalt altar of Yredelemnul.
 10398 | D:5      | Bought a ring of protection from cold for 300 gold pieces
 10700 | D:11     | Reached *** piety under the Shining One
 10725 | D:11     | Found a staircase to the Lair.
 11284 | Lair:1   | Entered Level 1 of the Lair of Beasts
 11299 | Lair:1   | Reached skill level 10 in Invocations
 12602 | Lair:2   | Reached skill level 15 in Invocations
 12658 | Lair:2   | Reached XP level 14. HP: 126/126 MP: 25/25
 13448 | Lair:3   | Noticed Nergalle
 13622 | Lair:3   | Reached **** piety under the Shining One
 13648 | Lair:3   | Found a hole to the Spider Nest.
 13832 | Lair:3   | Identified the ring "Kote" {rF- rN++ MP+9}
 13887 | Lair:3   | Noticed Fannar
 13909 | Lair:3   | Killed Fannar
 14106 | Lair:3   | Found a staircase to the Swamp.
 14157 | Lair:3   | Killed Nergalle
 14440 | Lair:4   | You are sucked into a shaft and drop 1 floor!
 14440 | Lair:5   | Entered Level 5 of the Lair of Beasts
 14473 | Lair:5   | Reached skill level 15 in Armour
 14827 | Lair:4   | Found a staircase to the Slime Pits.
 15321 | Lair:5   | Reached XP level 15. HP: 132/132 MP: 26/26
 16931 | Lair:5   | Identified the amulet "Taonel" {Regen+ Stlth+}
 17655 | Orc:1    | Entered Level 1 of the Orcish Mines
 17808 | Orc:2    | Entered Level 2 of the Orcish Mines
 17808 | Orc:2    | Found a staircase to the Elven Halls.
 17810 | Orc:2    | Noticed an orc warlord
 17856 | Orc:1    | Killed an orc warlord
 18196 | Orc:2    | Found a transporter.
 18197 | Orc:2    | Found Cobuont's Assorted Antiques.
 18199 | Orc:2    | Found a transporter.
 18249 | Orc:2    | Noticed Scuka's ghost (journeyman MiBe)
 18257 | Orc:2    | Found a runed translucent gate.
 18257 | Orc:2    | Found a runed translucent gate.
 18257 | Orc:2    | Found a runed translucent gate.
 18259 | Orc:2    | Reached ***** piety under the Shining One
 18776 | Orc:2    | Found Efin's Weapon Shop.
 18776 | Orc:2    | Found Daxkick's General Store.
 18777 | Orc:2    | Found Teclah's Book Boutique.
 18777 | Orc:2    | Found Zagiur's Antique Weapon Shop.
 18788 | Orc:2    | Bought a scroll of revelation for 112 gold pieces
 18788 | Orc:2    | Bought a scroll of identify for 30 gold pieces
 19021 | Orc:2    | Killed Scuka's ghost
 19156 | Orc:2    | Bought a scroll of identify for 66 gold pieces
 19156 | Orc:2    | Bought a potion of curing for 99 gold pieces
 19380 | Orc:1    | Noticed an orc warlord
 19380 | Orc:1    | Found Deduobraoff's Jewellery Shoppe.
 19412 | Orc:2    | Killed an orc warlord
 19459 | Orc:1    | Bought a ring of poison resistance for 300 gold pieces
 19641 | D:12     | Reached XP level 16. HP: 139/139 MP: 22/27
 19867 | D:12     | Found Linoluil's Assorted Antiques.
 19876 | D:12     | Bought an encrusted cloak for 275 gold pieces
 19876 | D:12     | Identified the +1 cloak "Zaifociacin" {Str+4 Int+2} (You
                  | bought it in a shop on level 12 of the Dungeon)
 19969 | D:12     | Found Enig's Superior Scales.
 20359 | D:13     | Found a gate to the Vaults.
 20428 | D:13     | Acquired 1243 gold pieces
 21832 | D:14     | Identified the +1 robe "Xonatz" {Str+7}
 22195 | D:14     | Found Hicusaew's Weapon Shop.
 22271 | D:15     | Entered Level 15 of the Dungeon
 22288 | D:15     | Found a gate leading to a gauntlet.
 22297 | Gauntlet | Entered a Gauntlet
 22297 | Gauntlet | Found a transporter.
 22297 | Gauntlet | Found a transporter.
 22309 | Gauntlet | Found a transporter.
 22314 | Gauntlet | Found a transporter.
 22327 | Gauntlet | Found a transporter.
 22327 | Gauntlet | Found a transporter.
 22335 | Gauntlet | Found a transporter.
 22353 | Gauntlet | Found a transporter.
 22365 | Gauntlet | Found a transporter.
 22366 | Gauntlet | Found a transporter.
 22367 | Gauntlet | Found a runed translucent gate.
 22367 | Gauntlet | Found a runed translucent gate.
 22367 | Gauntlet | Found a runed translucent gate.
 22368 | Gauntlet | Found a large runed translucent door.
 22368 | Gauntlet | Found a large runed translucent door.
 22369 | Gauntlet | Found a large runed translucent door.
 22370 | Gauntlet | Found a large runed translucent door.
 22371 | Gauntlet | Found a large runed translucent door.
 22371 | Gauntlet | Found a large runed translucent door.
 22371 | Gauntlet | Found a runed translucent door.
 22372 | Gauntlet | Found a large runed translucent door.
 22373 | Gauntlet | Found a large runed translucent door.
 22375 | Gauntlet | Found a transporter.
 22377 | Gauntlet | Found a runed translucent door.
 22418 | Gauntlet | Found a large runed translucent door.
 22418 | Gauntlet | Found a large runed translucent door.
 22419 | Gauntlet | Found a large runed translucent door.
 22420 | Gauntlet | Found a large runed translucent door.
 22421 | Gauntlet | Found a large runed translucent door.
 22421 | Gauntlet | Found a large runed translucent door.
 22422 | Gauntlet | Found a large runed translucent door.
 22423 | Gauntlet | Found a large runed translucent door.
 22428 | Gauntlet | Found a transporter.
 22600 | Gauntlet | Identified the ring of the Mackerel {rPois rCorr EV+5 Dex-3
                  | Slay+6}
 22631 | Gauntlet | Identified the +2 cloak of Naejelu {rPois Will- Dex+3}
 22698 | Gauntlet | Identified the +0 barding of the Snail {Str+4 Int+5}
 22910 | D:15     | Reached skill level 1 in Evocations
 23055 | D:15     | Reached skill level 15 in Shields
 23184 | D:15     | Found an ornate altar of the Wu Jian Council.
 23321 | D:15     | Found a staircase to the Depths.
 23528 | Elf:1    | Entered Level 1 of the Elven Halls
 23729 | Elf:1    | Reached skill level 5 in Evocations
 23937 | Elf:1    | Found Kusepit's Mayhem Merchandise.
 24303 | Elf:1    | Found Ronoecy's Antique Armour Shop.
 24446 | Elf:1    | Reached XP level 17. HP: 125/146 MP: 28/28
 24536 | Elf:2    | Paralysed by an air elemental for 1 turns
 24544 | Elf:2    | Paralysed by an air elemental for 1 turns
 24637 | Elf:2    | Found a runed translucent gate.
 24640 | Elf:2    | Found a runed translucent gate.
 24641 | Elf:2    | Found a runed translucent gate.
 25540 | Elf:2    | Noticed a deep elf blademaster
 25551 | Elf:2    | Killed a deep elf blademaster
 25552 | Elf:2    | Reached skill level 10 in Evocations
 26026 | Elf:3    | Entered Level 3 of the Elven Halls
 26685 | Elf:3    | Identified the amulet of Atheism {Reflect Fly rElec rF-
                  | SH+5 Stlth-}
 26685 | Elf:3    | Noticed a deep elf blademaster
 26699 | Elf:3    | Killed a deep elf blademaster
 26708 | Elf:3    | Noticed a deep elf blademaster
 26717 | Elf:3    | Killed a deep elf blademaster
 26755 | Elf:3    | Noticed a Tzitzimitl
 26912 | Elf:3    | Identified the orb of the Undertaker {guile, Str+3}
 26917 | Abyss:3  | Cast into level 3 of the Abyss (a deep elf sorcerer)
 26970 | Abyss:3  | Found a corrupted altar of Lugonu.
 26985 | Abyss:3  | Found a corrupted altar of Lugonu.
 27013 | Abyss:3  | Noticed a tentacled monstrosity
 27013 | Abyss:3  | Noticed a tentacled starspawn
 27024 | Abyss:3  | Killed a tentacled starspawn
 27027 | Abyss:3  | Killed a tentacled monstrosity
 27033 | Abyss:3  | Paralysed by accursed screaming for 1 turns
 27036 | Abyss:3  | Got an abyssal rune of Zot
 27128 | Abyss:3  | Reached XP level 18. HP: 161/161 MP: 17/20
 27314 | Elf:3    | Escaped the Abyss
 27395 | Elf:3    | Reached skill level 15 in Fighting
 27413 | Elf:3    | Noticed a deep elf master archer
 27424 | Elf:3    | Noticed an Ice Fiend
 27425 | Elf:3    | Killed a deep elf master archer
 27433 | Elf:3    | Noticed a deep elf master archer
 27663 | Elf:3    | Killed a deep elf master archer
 27728 | Elf:3    | Got Pedy's Atlas of Transmuted Haze
 27734 | Elf:3    | Identified the +1 flail "Errist" {speed, rF+ Str+5}
 27746 | Elf:3    | Noticed a Tzitzimitl
 27811 | Elf:3    | Identified the +1 dagger of the Forgotten Ghosts {venom,
                  | rElec Will- Int+7 Stlth-}
 27821 | Elf:3    | Identified the staff "Xetaith" {rElec rPois rN+ Will+
                  | Necro}
 27837 | Elf:3    | Identified the +1 orcbow of Shame {freeze, MP+9 SInv}
 28133 | Elf:1    | Bought encrusted ice dragon scales for 1820 gold pieces
 28133 | Elf:1    | Identified the +0 ice dragon scales of an ice cave {Drain
                  | rF- rC++ rN+++ Str-5 Int+3 Dex+3} (You bought it in a shop
                  | on level 1 of the Elven Halls)
 28342 | Spider:1 | Entered Level 1 of the Spider Nest
 30238 | Spider:2 | Reached XP level 19. HP: 173/183 MP: 28/30
 30433 | Spider:2 | Noticed Roxanne
 30500 | Spider:2 | Noticed Jorgrun
 30648 | Spider:2 | Reached skill level 1 in Shapeshifting
 30739 | Spider:1 | Killed Jorgrun
 30860 | Spider:2 | Killed Roxanne
 31357 | Vaults:1 | Entered Level 1 of the Vaults
 31551 | Vaults:1 | Reached skill level 5 in Shapeshifting
 31831 | Vaults:1 | Found a crumbling gateway.
 31860 | Desolati | Entered the Desolation of Salt
 32286 | Desolati | Got the Omnibus of Causimancy and the Shift
 32287 | Desolati | Identified the ring "Qouweyps" {rC++ Dex+6 Stlth+}
 32293 | Desolati | Got the Grimoire of the Unstable Summer
 32322 | Desolati | Reached XP level 20. HP: 193/193 MP: 31/31
 32496 | Desolati | Got the Almanac of Coordinates and Toxicants
 32507 | Desolati | Identified the amulet "Wextusm" {*Corrode Regen+ Dex+4
                  | Slay+2}
 32635 | Desolati | Identified the ring "Uvveil" {Fire Dex+4}
 32653 | Desolati | Got Sif Muna's Opusculum on Overhead Modification
 32654 | Desolati | Identified the amulet "Leclyxkea" {rElec Regen+ Int+5}
 32668 | Desolati | Identified the +1 chain mail of Deqaq {rElec rF+ Str+2}
 32868 | Vaults:1 | Reached skill level 10 in Shapeshifting
 33438 | Vaults:1 | Found a portal to a secret trove of treasure.
 33446 | Vaults:1 | You showed the abyssal rune of Zot to enter a treasure
                  | trove
 33447 | Trove    | Entered a treasure trove
 33450 | Trove    | Found the dreamshard necklace {Acrobat *Dream}
 33454 | Trove    | Identified the amulet "Ughiss" {Acrobat +Blink}
 33455 | Trove    | Identified the ring "Lueppor" {Fire rCorr}
 33459 | Trove    | Identified the amulet "Plog" {Spirit rF++ Dex-2}
 33460 | Trove    | Identified the amulet of Foip {Acrobat Str+3 Int+3 Dex+2}
 33462 | Trove    | Identified the ring "Enaf" {Fire rElec rPois SInv}
 33463 | Trove    | Identified the ring of Dubbuidd {rF++ Int-2 SInv}
 36049 | Vaults:3 | Reached XP level 21. HP: 171/201 MP: 32/32
 36083 | Vaults:3 | Identified the +0 leather armour of Eternal Vigilance
                  | {Str+4 Dex+4 Stlth-}
 36214 | Vaults:3 | Found a staircase to the Crypt.
 36214 | Vaults:3 | Found an ancient bone altar of Kikubaaqudgha.
 36214 | Vaults:3 | Found a basalt altar of Yredelemnul.
 36319 | Crypt:1  | Entered Level 1 of the Crypt
 36833 | Crypt:1  | Identified the maw talisman of a volcano {rC+ rN+ Will-
                  | SInv}
 36909 | Crypt:1  | You are sucked into a shaft and drop 1 floor!
 36937 | Crypt:2  | Reached ****** piety under the Shining One
 36938 | Crypt:2  | Reached skill level 15 in Shapeshifting
 36946 | Crypt:1  | Identified a +4 sacred scourge of holy wrath (a +2 demon
                  | whip of pain blessed by the Shining One)
 36946 | Crypt:1  | Received a gift from the Shining One
 37284 | D:5      | Bought the ring of Fimoawk {Will+ EV+5} for 583 gold pieces
 37454 | Vaults:3 | Noticed Mennas
 37914 | D:9      | Bought a potion of might for 92 gold pieces
 38062 | Vaults:3 | Killed Mennas
 38780 | Vaults:3 | Found Cibenk's Antique Weapon Shop.
 39603 | Vaults:4 | Noticed Margery
 39623 | Vaults:4 | Killed Margery
 39624 | Vaults:4 | Reached XP level 22. HP: 190/209 MP: 34/34
 40075 | Vaults:4 | Identified the +0 bardiche of Ygea {elec, rPois Str+3
                  | Stlth+}
 40549 | Swamp:1  | Entered Level 1 of the Swamp
 41049 | D:9      | Bought 2 scrolls of enchant armour for 240 gold pieces
 41288 | Swamp:1  | Noticed Louise
 41299 | Swamp:1  | Killed Louise
 42671 | Swamp:4  | Entered Level 4 of the Swamp
 43347 | Swamp:4  | Got a decaying rune of Zot
 43404 | Swamp:4  | Identified the ring "Yvycet" {rPois Str+6}
 43871 | Spider:3 | Reached XP level 23. HP: 215/215 MP: 37/37
 44995 | Spider:4 | Entered Level 4 of the Spider Nest
 45479 | Spider:4 | Got a gossamer rune of Zot
 46300 | Depths:1 | Entered Level 1 of the Depths
 46300 | Depths:1 | Found a gateway to Hell.
 46545 | Depths:1 | Found a one-way gate leading to the halls of Pandemonium.
 47024 | Depths:1 | Identified the +2 arbalest "Bedgher" {penet, Dex+4}
 47423 | Depths:1 | Upgraded the game from 0.31-a0-1074-g0b22e4e0f1 to
                  | 0.31-a0-1082-g7d1fb776a8
 47438 | Depths:2 | Found a one-way gate to the infinite horrors of the Abyss.
 47461 | Depths:2 | Found a one-way gateway to a ziggurat.
 47804 | Depths:2 | Reached XP level 24. HP: 224/224 MP: 31/38
 48164 | Depths:2 | Found a hide-covered altar of Uskayaw.
 48205 | Depths:2 | Found a runed translucent door.
 48208 | Depths:2 | Noticed Koge's ghost (adept HOMo)
 48996 | Depths:2 | Killed Koge's ghost
 49015 | Depths:2 | Found a runed translucent door.
 49018 | Depths:2 | Noticed Cietoor's ghost (adept HOMo)
 49061 | Depths:2 | Killed Cietoor's ghost
 49073 | Depths:2 | Identified the +12 spear of Compassion {spect, *Noise rPois
                  | Dex+3}
 49077 | Depths:2 | Found a runed translucent door.
 49077 | Depths:2 | Noticed Jymib's ghost (veteran DgCj)
 49091 | Depths:2 | Killed Jymib's ghost
 49919 | Depths:3 | Found Zoagh's Weapon Shop.
 49924 | Depths:3 | Found a transporter.
 49928 | Depths:3 | Found a transporter.
 49938 | Depths:3 | Noticed Parghit
 49968 | Depths:3 | Killed Parghit
 50163 | Depths:3 | Noticed Jory
 50177 | Depths:3 | Killed Jory
 50276 | Depths:3 | Found a transporter.
 50279 | Depths:3 | Found a transporter.
 50358 | Depths:3 | Found a runed translucent gate.
 50359 | Depths:3 | Found a runed translucent gate.
 50360 | Depths:3 | Found a runed translucent gate.
 50964 | Depths:3 | Noticed an ancient lich
 50964 | Depths:3 | Noticed Rehacw's ghost (adept HOMo)
 51147 | Depths:3 | Identified the +4 ring mail of Polish {Rampage}
 51500 | Depths:3 | Killed an ancient lich
 51504 | Depths:3 | Killed Rehacw's ghost
 51516 | Depths:3 | Identified the ring of the Stained God {*Corrode rC+ Int+6
                  | Stlth+}
 51604 | Depths:4 | Entered Level 4 of the Depths
 51766 | Depths:4 | Found a gate to the Realm of Zot.
 51840 | Depths:4 | Noticed Frederick
 51860 | Depths:4 | Killed Frederick
 52015 | Depths:4 | Found a hide-covered altar of Uskayaw.
 52194 | Depths:4 | Reached skill level 27 in Invocations
 52208 | Depths:4 | Reached XP level 25. HP: 231/231 MP: 40/40
 52556 | Zot:1    | Entered Level 1 of the Realm of Zot
 52661 | Hell     | Entered the Vestibule of Hell
 52661 | Hell     | Noticed Geryon
 52683 | Hell     | Killed Geryon
 52922 | Hell     | Found a gateway to the Iron City of Dis.
 53051 | Hell     | Found a gateway to the freezing wastes of Cocytus.
 53068 | Hell     | Reached skill level 15 in Maces & Flails
 53173 | Hell     | Found a gateway to the decaying netherworld of Tartarus.
 53235 | Hell     | Found a gateway to the ashen valley of Gehenna.
 53745 | Zot:1    | Noticed an orb of fire
 53765 | Zot:1    | Killed an orb of fire
 54405 | Zot:2    | Noticed an orb of fire
 54418 | Zot:2    | Killed an orb of fire
 54464 | Zot:2    | Reached XP level 26. HP: 60/240 MP: 3/40
 55761 | Zot:3    | Identified the ring of Lapay {Ice Int+3 Stlth+}
 55761 | Zot:3    | Noticed Josephina
 55773 | Zot:3    | Killed Josephina
 57259 | D:9      | Bought a scroll of teleportation for 51 gold pieces
 57259 | D:9      | Bought a scroll of teleportation for 51 gold pieces
 57259 | D:9      | Bought a scroll of enchant weapon for 127 gold pieces
 57785 | Zot:4    | Identified the ring of the Median {rPois EV+5 Int+2 Dex-3}
 58466 | Zot:4    | Found a transporter.
 58467 | Zot:4    | Found a transporter.
 58467 | Zot:4    | Noticed Heisao's ghost (legendary TrBe)
 58561 | Zot:4    | Reached XP level 27. HP: 153/254 MP: 6/40
 58570 | Zot:4    | Killed Heisao's ghost
 58601 | Zot:4    | Identified the ring "Nudu" {rElec Str+6 Int+3}
 59269 | Zot:5    | Entered Level 5 of the Realm of Zot
 59956 | Zot:5    | Noticed an ancient lich
 59958 | Zot:5    | Noticed an ancient lich
 59971 | Zot:4    | Killed an ancient lich
 59997 | Zot:4    | Killed an ancient lich
 60261 | Zot:5    | Noticed a dread lich
 60269 | Zot:5    | Killed a dread lich
 60374 | Zot:5    | Noticed an ancient lich
 60495 | Zot:4    | Killed an ancient lich
 61122 | Zot:5    | Noticed a dread lich
 61141 | Zot:5    | Killed a dread lich
 61230 | Zot:5    | Noticed an orb of fire
 61245 | Zot:5    | Gained mutation: You have hidden genetic defects. [an orb
                  | of fire]
 61246 | Zot:5    | Gained mutation: You are frail. (-10% HP) [an orb of fire]
 61248 | Zot:5    | Killed an orb of fire
 61278 | Zot:5    | Lost mutation: You have hidden genetic defects. [potion of
                  | mutation]
 61278 | Zot:5    | Lost mutation: You are frail. (-10% HP) [potion of
                  | mutation]
 61278 | Zot:5    | Gained mutation: You are clumsy. (Dex -2) [potion of
                  | mutation]
 61278 | Zot:5    | Gained mutation: You have hidden genetic defects. [potion
                  | of mutation]
 61279 | Zot:5    | Lost mutation: You are clumsy. (Dex -2) [potion of
                  | mutation]
 61279 | Zot:5    | Lost mutation: You have hidden genetic defects. [potion of
                  | mutation]
 61279 | Zot:5    | Gained mutation: You have sharp toenails. [potion of
                  | mutation]
 61279 | Zot:5    | Gained mutation: You have sharp fingernails. [potion of
                  | mutation]
 61510 | Zot:5    | Noticed an orb of fire
 61529 | Zot:5    | Killed an orb of fire
 64141 | Vaults:5 | Entered Level 5 of the Vaults
 64189 | Vaults:5 | Noticed a dread lich
 64202 | Vaults:5 | Killed a dread lich
 64209 | Vaults:5 | Gained mutation: You sometimes lose your temper in combat.
                  | [a shining eye]
 64217 | Vaults:5 | Lost mutation: You sometimes lose your temper in combat.
                  | [potion of mutation]
 64217 | Vaults:5 | Lost mutation: You have sharp fingernails. [potion of
                  | mutation]
 64217 | Vaults:5 | Gained mutation: Your flesh is heat resistant. (rF+)
                  | [potion of mutation]
 64217 | Vaults:5 | Gained mutation: You are frail. (-10% HP) [potion of
                  | mutation]
 64218 | Vaults:5 | Lost mutation: You are frail. (-10% HP) [potion of
                  | mutation]
 64218 | Vaults:5 | Lost mutation: You have sharp toenails. [potion of
                  | mutation]
 64218 | Vaults:5 | Lost mutation: Your flesh is heat resistant. (rF+) [potion
                  | of mutation]
 64218 | Vaults:5 | Gained mutation: You have sharp toenails. [potion of
                  | mutation]
 64218 | Vaults:5 | Gained mutation: Your body sometimes deteriorates upon
                  | taking damage. [potion of mutation]
 64218 | Vaults:5 | Gained mutation: Your muscles are strong. (Str +4, Int/Dex
                  | -1) [potion of mutation]
 64315 | Vaults:5 | Identified the ring "Itticoly" {rPois Str+3 Int+3 Dex+3}
 64668 | Vaults:5 | Identified the staff "Jouplega" {Fragile rElec rF++ MP+9
                  | SInv Air}
 64725 | Vaults:5 | Identified the +0 robe "Vot Xysk" {rPois rF++ Dex-5 SInv}
 64743 | Vaults:5 | Noticed Bai Suzhen
 64758 | Vaults:5 | Killed Bai Suzhen
 64768 | Vaults:5 | Identified the +2 ring mail of the Baker {+Inv}
 64871 | Vaults:5 | Identified the +0 battleaxe of Fedhas, Hurling {spect, rF-
                  | Int+2 Stlth+}
 64873 | Vaults:5 | Identified the +1 leather armour of a volcano {+Blink Str+3
                  | SInv Stlth-}
 64891 | Vaults:5 | Identified the +1 leather armour of Eternal Night {Str+6}
 65244 | Vaults:5 | Got a silver rune of Zot
 65863 | Slime:1  | Entered Level 1 of the Pits of Slime
 65934 | Slime:1  | Lost mutation: Your muscles are strong. (Str +4, Int/Dex
                  | -1) [a shining eye]
 65982 | Slime:1  | Paralysed by a formless jellyfish for 1 turns
 66435 | Slime:5  | Entered Level 5 of the Pits of Slime
 66681 | Slime:5  | Noticed the Royal Jelly
 66797 | Slime:5  | Was placed under penance by the Shining One
 66821 | Slime:5  | Killed the Royal Jelly
 67055 | Slime:5  | Gained mutation: You are dopey. (Int -2) [a shining eye]
 67060 | Slime:5  | Gained mutation: Your magical capacity is low. (-10% MP) [a
                  | shining eye]
 67256 | Slime:5  | Identified the +1 broad axe of Qegaim {freeze, rC+ Str+3
                  | Int+3}
 67319 | Slime:5  | Got a slimy rune of Zot
 67321 | Slime:5  | Got the Octavo of Nausea and Malediction
 67325 | Slime:5  | Found the amulet of the Air {Inacc Air Fly rElec RMsl}
 67341 | Slime:5  | Identified the +3 morningstar "Ivow" {freeze, rC- rCorr
                  | SInv}
 67464 | Slime:5  | Acquired a manual of Dodging
 67483 | Slime:5  | Identified the ring "Barph" {Ice rCorr Int+7 Dex-3}
 67485 | Slime:5  | Identified the +0 chain mail "Gagoatyr" {+Blink Fly Str-2
                  | Dex+3}
 68110 | Crypt:3  | Entered Level 3 of the Crypt
 68184 | Crypt:3  | Noticed Khufu
 68184 | Crypt:3  | Noticed a royal mummy
 68709 | Depths:2 | Voluntarily entered the Abyss.
 68710 | Abyss:3  | Found a corrupted altar of Lugonu.
 68780 | Abyss:3  | Gained mutation: You are weak. (Str -2) [a neqoxec]
 68953 | Abyss:3  | Found a corrupted altar of Lugonu.
 69145 | Abyss:3  | Found a corrupted altar of Lugonu.
 69246 | Abyss:3  | Was forgiven by the Shining One
 69268 | Depths:2 | Escaped the Abyss
 69585 | Crypt:3  | Noticed a royal mummy
 69586 | Crypt:3  | Identified the +1 tower shield "Xayl" {rF- Dex+6}
 69591 | Crypt:3  | Killed Khufu
 69610 | Crypt:3  | Killed a royal mummy
 69615 | Crypt:3  | Killed a royal mummy
 69998 | Crypt:3  | Got Juhory's Compendium of Creative Wounds
 70000 | Crypt:3  | Got the Grimoire of Lofty Reconstruction
 70001 | Crypt:3  | Identified the staff of Inconvenience {rF+ rN+++ Will-
                  | Necro Fire}
 70002 | Crypt:3  | Identified the +0 leather armour of Waciolle {Drain rC++
                  | Regen+ Int+2}
 70052 | Crypt:3  | Reached skill level 27 in Fighting
 70075 | Crypt:3  | Found a staircase to the Tomb.
 70186 | Crypt:3  | Identified the ring "Jaigi Momn" {rElec rPois rN+ Str+4
                  | Dex-3}
 70944 | Pan      | Entered Pandemonium
 70961 | Pan      | Found an exit through the horrors of the Abyss.
 70964 | Pan      | Reached skill level 1 in Throwing
 71015 | Pan      | Noticed Wacsum the pandemonium lord
 71223 | Pan      | Entered the realm of Gloorx Vloq.
 71531 | Pan      | Reached skill level 5 in Throwing
 71771 | Pan      | Noticed Gloorx Vloq
 71784 | Pan      | Killed Gloorx Vloq
 71814 | Pan      | Got a dark rune of Zot
 72402 | Pan      | Entered the realm of Mnoleg.
 72402 | Pan      | Noticed Mnoleg
 72403 | Pan      | Gained mutation: Your system is resistant to poisons.
                  | (rPois) [a neqoxec]
 72406 | Pan      | Gained mutation: You are occasionally teleported next to
                  | monsters. [a neqoxec]
 72474 | Pan      | Lost mutation: You are occasionally teleported next to
                  | monsters. [potion of mutation]
 72474 | Pan      | Lost mutation: You are dopey. (Int -2) [potion of mutation]
 72474 | Pan      | Lost mutation: You are weak. (Str -2) [potion of mutation]
 72474 | Pan      | Gained mutation: You are somewhat resistant to further
                  | mutation. [potion of mutation]
 72474 | Pan      | Gained mutation: Your skin changes colour to match your
                  | surroundings (Stealth+). [potion of mutation]
 72526 | Pan      | Identified the +0 tower shield of Vismoc {+Inv Will- Int+2}
 72605 | Pan      | Gained mutation: You are frail. (-10% HP) [a neqoxec]
 72636 | Pan      | Killed Mnoleg
 72637 | Pan      | Reached skill level 10 in Throwing
 72640 | Pan      | Got a glowing rune of Zot
 72672 | Pan      | Gained mutation: Your spells are a little easier to cast,
                  | but a little less powerful. [a neqoxec]
 72675 | Pan      | Lost mutation: Your skin changes colour to match your
                  | surroundings (Stealth+). [potion of mutation]
 72675 | Pan      | Lost mutation: Your body sometimes deteriorates upon taking
                  | damage. [potion of mutation]
 72676 | Pan      | Lost mutation: You are frail. (-10% HP) [potion of
                  | mutation]
 72676 | Pan      | Lost mutation: You are somewhat resistant to further
                  | mutation. [potion of mutation]
 72676 | Pan      | Lost mutation: Your magical capacity is low. (-10% MP)
                  | [potion of mutation]
 72676 | Pan      | Gained mutation: You are frail. (-10% HP) [potion of
                  | mutation]
 72676 | Pan      | Gained mutation: You are partially covered in large bone
                  | plates. (SH +4) [potion of mutation]
 72676 | Pan      | Gained mutation: You are occasionally teleported next to
                  | monsters. [potion of mutation]
 72676 | Pan      | Gained mutation: You have supernaturally acute eyesight.
                  | (SInv) [potion of mutation]
 72677 | Pan      | Lost mutation: Your spells are a little easier to cast, but
                  | a little less powerful. [potion of mutation]
 72677 | Pan      | Lost mutation: You are frail. (-10% HP) [potion of
                  | mutation]
 72677 | Pan      | Lost mutation: You have sharp toenails. [potion of
                  | mutation]
 72677 | Pan      | Gained mutation: You expend magic power (3 MP) to
                  | strengthen your wands. [potion of mutation]
 72677 | Pan      | Gained mutation: You passively dampen the noise of your
                  | surroundings. [potion of mutation]
 72678 | Pan      | Lost mutation: You are partially covered in large bone
                  | plates. (SH +4) [potion of mutation]
 72678 | Pan      | Lost mutation: You passively dampen the noise of your
                  | surroundings. [potion of mutation]
 72678 | Pan      | Gained mutation: You passively dampen the noise of your
                  | surroundings. [potion of mutation]
 72678 | Pan      | Gained mutation: You have a somewhat thin skeletal
                  | structure. (Dex +2, Stealth+) [potion of mutation]
 72733 | Pan      | Found an exit through the horrors of the Abyss.
 72747 | Pan      | Entered the realm of Cerebov.
 72838 | Pan      | Found the +6 sword of Cerebov {flame}
 72838 | Pan      | Noticed Cerebov
 72863 | Pan      | Killed Cerebov
 72974 | Pan      | Identified the +3 short sword "Grim" {flame, MP+9 Str+3
                  | Int+3}
 72985 | Pan      | Identified the +0 ring mail "Lutofos" {rPois rC++ Will-
                  | Int+3}
 73015 | Pan      | Identified the +10 war axe "Uranic" {vamp, Fly rElec}
 73025 | Pan      | Identified the +6 broad axe of Threshing Destruction
                  | {heavy, rElec Str-4 Int+3 Dex+4}
 73030 | Pan      | Got the Codex of Confrontation and the Evil Eye
 73056 | Pan      | Identified the +1 pearl dragon scales of Good Intentions
                  | {Fly rN+ Str+4}
 73058 | Pan      | Identified the +5 broad axe of Beogh, Destroying {flame,
                  | *Noise Will++ Str+8 Int-2}
 73062 | Pan      | Identified the staff of Pestilence {rF+ rN+ Int-5 Dex+5
                  | Conj}
 73133 | Pan      | Got a fiery rune of Zot
 73239 | Pan      | Entered the realm of Lom Lobon.
 73271 | Pan      | Reached skill level 1 in Dodging
 73422 | Pan      | Found an exit through the horrors of the Abyss.
 73874 | Pan      | Noticed Lom Lobon
 73894 | Pan      | Killed Lom Lobon
 73895 | Pan      | Reached skill level 5 in Dodging
 73989 | Pan      | Got a magical rune of Zot
 74480 | Pan      | Found Zakat's Assorted Sundries.
 74481 | Pan      | Found an opulent altar of Gozag.
 74505 | Pan      | Found an opulent altar of Gozag.
 74550 | Pan      | Found Zakat's Jewellery Shoppe.
 74587 | Pan      | Found an opulent altar of Gozag.
 74602 | Pan      | Found Zakat's Fine Accessories.
 74630 | Pan      | Gained mutation: You are clumsy. (Dex -2) [a cacodemon]
 74631 | Pan      | Gained mutation: Your magical capacity is low. (-10% MP) [a
                  | cacodemon]
 74782 | Pan      | Reached skill level 10 in Dodging
 74927 | Pan      | Found an exit through the horrors of the Abyss.
 74998 | Pan      | Found Zakat's Demonic Rune Sales.
 74998 | Pan      | Noticed Zakat the pandemonium lord
 75243 | Pan      | Killed Zakat the pandemonium lord
 75265 | Pan      | Bought a demonic rune of Zot for 8301 gold pieces
 75277 | Depths:1 | Escaped Pandemonium
 75370 | Geh:1    | Entered Level 1 of Gehenna
 75416 | Geh:2    | Noticed a dread lich
 75421 | Geh:2    | Killed a dread lich
 75930 | Geh:4    | Noticed a dread lich
 75950 | Geh:4    | Killed a dread lich
 75978 | Geh:4    | Reached skill level 15 in Dodging
 76183 | Geh:5    | You fall into a shaft and drop 1 floor!
 76448 | Geh:7    | Entered Level 7 of Gehenna
 76621 | Geh:7    | Noticed a dread lich
 76630 | Geh:7    | Killed a dread lich
 76816 | Geh:7    | Got the Information on Inconstant Violence
 77046 | Geh:7    | Identified the +1 giant club "Sasa" {distort, rN+ Int+4}
 77235 | Geh:7    | Identified the staff of Judgement {rN+ Str+3 Necro}
 77410 | Geh:7    | Got Anyepoa's Anthology of Clouds and Invitation
 77479 | Geh:7    | Found the +13 sceptre of Asmodeus
 77479 | Geh:7    | Noticed Asmodeus
 77505 | Geh:7    | Killed Asmodeus
 77737 | Geh:7    | Got an obsidian rune of Zot
 77943 | Tar:1    | Entered Level 1 of Tartarus
 78491 | Tar:3    | Noticed an ancient lich
 78499 | Tar:3    | Killed an ancient lich
 79377 | Tar:7    | Entered Level 7 of Tartarus
 79421 | Tar:7    | Got a bone rune of Zot
 79572 | Coc:1    | Entered Level 1 of Cocytus
 80219 | Depths:3 | Voluntarily entered the Abyss.
 80219 | Abyss:3  | Found an iron altar of Okawaru.
 80689 | Abyss:3  | Paralysed by an air elemental for 1 turns
 80696 | Abyss:3  | Lost mutation: Your magical capacity is low. (-10% MP) [a
                  | neqoxec]
 80971 | Abyss:3  | Found a corrupted altar of Lugonu.
 81038 | Abyss:3  | Paralysed by accursed screaming for 1 turns
 81044 | Abyss:3  | Paralysed by accursed screaming for 1 turns
 81204 | Abyss:3  | Reached skill level 15 in Throwing
 81348 | Abyss:3  | Found a corrupted altar of Lugonu.
 81367 | Abyss:3  | Found a corrupted altar of Lugonu.
 81446 | Abyss:3  | Found a corrupted altar of Lugonu.
 81450 | Abyss:3  | Found a corrupted altar of Lugonu.
 81583 | Abyss:3  | Found a corrupted altar of Lugonu.
 81583 | Abyss:3  | Found a corrupted altar of Lugonu.
 82122 | Abyss:4  | Paralysed by accursed screaming for 1 turns
 82282 | Depths:3 | Escaped the Abyss
 82606 | Coc:3    | You fall into a shaft and drop 1 floor!
 82616 | Coc:4    | Reached skill level 27 in Armour
 82803 | Coc:5    | Paralysed by a wendigo for 1 turns
 83294 | Coc:7    | Entered Level 7 of Cocytus
 83433 | Coc:7    | Paralysed by a wendigo for 1 turns
 83457 | Coc:7    | Paralysed by a wendigo for 1 turns
 83746 | Coc:7    | Paralysed by a wendigo for 1 turns
 83898 | Coc:7    | Paralysed by a wendigo for 1 turns
 84106 | Coc:7    | Paralysed by a wendigo for 1 turns
 84118 | Coc:7    | Paralysed by a wendigo for 1 turns
 84533 | Coc:7    | Paralysed by a wendigo for 1 turns
 84970 | Coc:7    | Noticed Antaeus
 85291 | Coc:7    | Learned a level 1 spell: Apportation
 85390 | Coc:7    | Killed Antaeus
 85405 | Coc:7    | Got an icy rune of Zot
 85645 | Dis:1    | Entered Level 1 of the Iron City of Dis
 85970 | Dis:3    | You are sucked into a shaft and drop 3 floors!
 86214 | Dis:7    | Entered Level 7 of the Iron City of Dis
 86753 | Dis:7    | Noticed a juggernaut
 86753 | Dis:7    | Noticed a juggernaut
 86772 | Dis:7    | Killed a juggernaut
 86798 | Dis:7    | Killed a juggernaut
 87016 | Dis:7    | Noticed the Serpent of Hell
 87035 | Dis:7    | Killed the Serpent of Hell
 87035 | Dis:7    | Noticed a juggernaut
 87062 | Dis:7    | Killed a juggernaut
 87656 | Dis:7    | Identified the +2 cloak of the Constellations {rPois Int+2
                  | Dex+3}
 87811 | Dis:7    | Noticed a dread lich
 87826 | Dis:7    | Killed a dread lich
 87937 | Dis:7    | Found the +7 Spriggan's Knife {stab, EV+4 Stlth+}
 88393 | Dis:7    | Found the +7 mace of Variability {chaos, chaos arc}
 88607 | Dis:7    | Noticed Dispater
 88610 | Dis:7    | Identified the +0 tower shield of Light {rElec rC+++ rN+
                  | Will-}
 88616 | Dis:7    | Reached skill level 27 in Maces & Flails
 88638 | Dis:7    | Killed Dispater
 88706 | Dis:7    | Identified the staff of Descent {rElec rPois MP+9 Dex+4
                  | Air}
 88707 | Dis:7    | Identified the +8 scimitar "Embalmer" {antimagic, rF- rC+
                  | Str+3 Dex+5}
 88711 | Dis:7    | Got an iron rune of Zot
 88713 | Dis:7    | Identified the +5 long sword of Calamity {flame, Will+}
 88940 | Zot:5    | Got the Orb of Zot
 89221 | Zot:4    | Noticed Osacu the pandemonium lord
 89703 | D:6      | Noticed Obeahor the pandemonium lord
 89831 | D:$      | Escaped with the Orb!

Illustrated notes

Levels and vault maps discovered:
D:1:      dpeg_arrival_central, layout_basic
D:2:      layout_rooms, minmay_misc_feat_more_columns
D:3:      layout_basic, shapermc_ecumenical_altar_ellora, grunt_ministairs_9,
          nicolae_goblin_pals
D:4:      layout_loops_ring, minitemple, uniq_duvessa, uniq_edmund, uniq_pikel,
          uniq_ijyb
D:5:      layout_gridville, marbit_many_paths, kennysheep_mini_moat,
          serial_shops, shop
D:6:      layout_gridville, okawaru_gym_becter, mainiacjoe_overflow_alcove_1,
          amcnicky_altar_gilded, portal_sewer_entry_a
D:7:      layout_basic, minmay_temple_entry_drinking_statues
D:8:      layout_basic, serial_shops, shop, uniq_prince_ribbit1
D:9:      layout_cave_pools, hiddenorc1_lemuel, enter_bailey_5, serial_glass,
          glass_columns_b, glass_columns_a, glass_columns_a, glass_columns_a,
          glass_columns_c, glass_columns_a, glass_columns_a, glass_columns_a,
          glass_columns_a, glass_columns_a, serial_shops,
          nicolae_shop_getting_attention, kennysheep_little_box, shop,
          nicolae_where_there's_smoke, uniq_grum
D:10:     layout_big_octagon, mainiacjoe_overflow_chevrons
D:11:     layout_long_grid, lair_entry_dummy, portal_ice_cave_entry_pillars_2,
          ebering_dispersal_statue_hall
D:12:     layout_rooms, serial_shops, shop_statue,
          nicolae_concentric_dashed_squares_mild, hellmonk_scale_shop
D:13:     layout_roguey, hellmonk_vaults_order_and_chaos
D:14:     layout_cave_pods, chequers_serial_rivers_micro_e, serial_shops,
          nicolae_lakefront_shop
D:15:     hangedman_depths_entry_try_elsewhere_first, layout_basic,
          hangedman_abyss_or_decor_clamps, gauntlet_entry_generic,
          pdpol_wu_jian_five_deadly_venoms
Temple:   nicolae_temple_figure_eight
Lair:1:   layout_hall_layers, serial_forest, infiniplex_forest_zigzag_2,
          infiniplex_forest_straight_2, infiniplex_forest_clump_diagonal,
          infiniplex_forest_straight_4, infiniplex_forest_clump_large,
          infiniplex_forest_lined_room_, infiniplex_forest_lined_3_way,
          infiniplex_forest_lined_room_2, chequers_serial_rivers_micro_e,
          grunt_megastairs_5
Lair:2:   layout_cave_pods, beast_lair_carwin_6, grunt_megastairs_4
Lair:3:   layout_misc_corridors, minmay_swamp_entry_reptiles,
          nicolae_spider_entry_non_spiders, serial_bayou_shore_a,
          grunt_megastairs_3, serial_bayou_shore_b, infiniplex_staircase_pool,
          uniq_fannar, uniq_nergalle
Lair:4:   layout_gridlike, slime_entry_1, lemuel_fruit_tree
Lair:5:   due_jungle_book, layout_regular_city
Swamp:1:  layout_falls_marsh, evilmike_swamp_ruin_house_6,
          cheibrodos_swamp_minitomb, uniq_louise
Swamp:2:  layout_basic_swamp, serial_swamp_ruin, evilmike_swamp_ruin_house_3,
          evilmike_swamp_ruin_rubble_1
Swamp:3:  layout_falls_marsh, hangedman_swamp_cone
Swamp:4:  swamp_vile, layout_basic_swamp
Spider:1: spider_temple_joshua, nicolae_spider_checkerboard
Spider:2: layout_spider_delve, uniq_jorgrun, uniq_roxanne
Spider:3: layout_spider_delve
Spider:4: spider_rune_water
Slime:1:  cheibrodos_slime_lost_civilization_2, layout_caves,
          cheibrodos_slime_lost_civilization_4
Slime:2:  layout_caves, nicolae_slime_phagocytosis
Slime:3:  layout_caves
Slime:4:  layout_caves, special_room [special_room_jelly]
Slime:5:  slime_pit_nicolae_amoeboid
Orc:1:    layout_diamond_mine, serial_shops, nicolae_shop_tiny_statue_garden
Orc:2:    st_orc_pillars, layout_caves, maelrawn_ghost_gauntlet_escape,
          serial_shops, nicolae_shop_drivethru
Elf:1:    layout_geoelf_grid, serial_shops, nicolae_shop_tiny_real_fake_doors,
          minivault_28, minmay_shop_mayhem
Elf:2:    elven_hall_of_blades_hangedman_original
          [nicolae_blade_entry_antechamber], layout_loops_ring, glass_columns_a
Elf:3:    elf_hall, layout_geoelf_castle, drop_trap
Vaults:1: portal_desolation_entry_nicolae_nacl,
          nicolae_vaults_offset_grid_hallway_3,
          nicolae_vaults_antechamber_and_loot_room,
          nicolae_vaults_variable_pillar_hall, nicolae_vaults_puzzle_piece,
          v_rooms_4, nicolae_vaults_network_square,
          nicolae_vaults_closet_pinwheel_1, ontoclasm_vaults_ring_square,
          nicolae_vaults_six-pack, nicolae_vaults_oval_intersection,
          nicolae_vaults_little_squares_1, nicolae_vaults_ring_of_whatevers,
          layout_vaults_omnibox, nicolae_trove_entry_columns
Vaults:2: vaults_room_guarded_vault, v_misc_11, v_misc_10, v_misc_29, v_misc_4,
          nicolae_vaults_diagonal_hallway_7, nicolae_vaults_tangram_1,
          ontoclasm_vaults_hangar, hangedman_vaults_impose, v_misc_28,
          nicolae_vaults_heist, layout_vaults_big_room
Vaults:3: ontoclasm_vaults_ring_large, nicolae_vaults_meiosis,
          nicolae_vaults_border_crossing, ontoclasm_vaults_twist,
          nicolae_vaults_shrinking_rooms_1, nicolae_vaults_little_guard_posts,
          v_misc_17, minmay_crypt_entry_necro_gods, v_misc_26,
          ontoclasm_vaults_eye, vaults_room_stairs_pillars, vaults_dpeg_hooks,
          nicolae_vaults_closet_pinwheel_4, vaults_dpeg_ring,
          layout_vaults_maze_snakey, serial_shops, nicolae_shop_trees,
          uniq_mennas
Vaults:4: minmay_guarded_unrand_guard, vaults_dpeg_doors,
          hangedman_vaults_cutoff, nicolae_vaults_storage_closets_1,
          vaults_room_grunt_arrival_ludios, vaults_dpeg_encased_lava,
          hangedman_vaults_locks, hangedman_vaults_pinch,
          nicolae_vaults_stepped_doors, nicolae_vaults_double_plus_3,
          nicolae_vaults_rhombus_5, layout_vaults_big_cross, uniq_margery
Vaults:5: serial_shops, uniq_bai_suzhen
Crypt:1:  layout_misc_corridors
Crypt:2:  layout_misc_corridors
Crypt:3:  quadcrypt_mu, uniq_xtahua, uniq_khufu
Depths:1: layout_cave_pools, hell_entry, rand_demon_pan_entry_1,
          minmay_door_square, minmay_fractal_squares_diagonal_5,
          grunt_megastairs_1
Depths:2: nzn_winding_woodlands_three_and_one
          [nzn_winding_woodlands_5x15_jagged, nzn_winding_woodlands_5x15_parted,
          nzn_winding_woodlands_5x15_river_crossing,
          nzn_winding_woodlands_center_garden], layout_honeycomb,
          ziggurat_fallback, abyss_entry, pan_entry,
          muffindrake_ghost_three_little_ghosts, hell_entry,
          serial_sigils_hangedman_snap, nicolae_water_bricks,
          nicolae_uskayaw_dance_hall, minmay_staircase_bubble
Depths:3: minmay_connected_boxes_in_corner, layout_twisted_cross, serial_shops,
          nicolae_take_the_stairs, grunt_hell_entry_dis_mu, abyss_entry,
          gammafunk_ghost_necromancy, hangedman_decor_growths,
          minmay_misc_feat_secret_circle, nicolae_transporter_circle,
          infiniplex_staircase_pillars_1, uniq_parghit, uniq_jory
Depths:4: grunt_crosshair, layout_long_grid, lemuel_coloured_pillars_altar,
          pf_coc_iceberg, uniq_frederick
Hell
Dis:1:    hangedman_dis_decor_blocks_talon, layout_gridville
Dis:2:    layout_gridville
Dis:3:    layout_overlapping_boxes
Dis:6:    layout_gridville, nicolae_hells_seeping_fissure
Dis:7:    dis_grunt_layers
Geh:1:    layout_gehenna_pools_basic
Geh:2:    layout_gehenna_pools_basic
Geh:3:    layout_gehenna_lava_caves, nicolae_hells_seeping_fissure
Geh:4:    layout_gehenna_pools_basic
Geh:5:    layout_gehenna_pools_triple
Geh:6:    layout_gehenna_lava_caves
Geh:7:    geh_grunt
Coc:1:    layout_ice_bergs
Coc:2:    nicolae_coc_icebeans_plural [nicolae_sub_coc_subbean,
          nicolae_sub_coc_subbean, nicolae_sub_coc_subbean,
          nicolae_sub_coc_subbean], layout_ice_bergs,
          nicolae_coc_statues_of_limitations
Coc:3:    layout_cocytus_water_paths
Coc:4:    layout_cocytus_water_paths
Coc:5:    nicolae_coc_caina, layout_cocytus_water_paths
Coc:6:    layout_cocytus_delve
Coc:7:    coc_old
Tar:1:    layout_grid_maze
Tar:2:    layout_cathedral_of_symmetry, nicolae_tar_cuneiform_not
Tar:3:    layout_honeycomb, grunt_tartarus_stairs_gauntlet_trap
Tar:4:    layout_honeycomb, nicolae_tar_cuneiform_water
Tar:5:    layout_catacombs
Tar:6:    layout_catacombs, nicolae_tar_windowcombs
Tar:7:    tar_grunt_cathedral
Zot:1:    layout_cellular_growth, regret_index_zotdec_misc_clamp
Zot:2:    grunt_deathspiral_small, layout_concentric_octagons, uniq_grunn
Zot:3:    layout_cathedral_of_symmetry, uniq_josephina
Zot:4:    kennysheep_blocky_room, layout_basic, gammafunk_ghost_mausoleum
Zot:5:    layout_misc_corridors, skrybe_zot_glass_3

Skill      XL: |  1  2  3  4  5  6  7  8  9 10 11 12 13 14 15 16 17 18 19 20 21 22 23 24 25 26 27 |
---------------+----------------------------------------------------------------------------------+-----
Axes           | 3 4 5 |  5.6
Maces & Flails | 3 4 6 8 11 17 27 | 27.0
Fighting       | 4 10 12 14 19 20 22 27 | 27.0
Shields        | 12 15 17 23 | 23.6
Armour         | 9 10 15 19 20 21 27 | 27.0
Invocations    | 4 15 17 20 23 27 | 27.0
Evocations     | 7 12 | 12.0
Shapeshifting  | 9 13 16 17 18 19 | 19.3
Throwing       | 16 | 16.0
Dodging        | 20 | 20.4

Action                     |  1- 3 |  4- 6 |  7- 9 | 10-12 | 13-15 | 16-18 | 19-21 | 22-24 | 25-27 || total
---------------------------+-------+-------+-------+-------+-------+-------+-------+-------+-------++-------
  Melee: War axe           |   112 |     4 |       |       |       |       |       |       |       ||   116
         Whip              |       |   188 |   358 |   290 |  1688 |  1780 |  1669 |       |       ||  5973
         Sacred scourge    |       |       |       |       |       |       |   428 |  2301 |  7217 ||  9946
  Throw: Javelin           |       |       |       |       |       |       |       |       |    21 ||    21
 Invoke: Cleansing Flame   |       |       |       |       |    15 |    38 |    27 |    27 |   160 ||   267
         Divine Shield     |       |       |       |       |     9 |    12 |    10 |    10 |    25 ||    66
         Summon Divine War |       |       |       |       |       |     4 |     3 |    12 |    71 ||    90
         Brand Weapon With |       |       |       |       |       |       |     1 |       |       ||     1
  Evoke: Wand              |       |       |     6 |       |     1 |     6 |       |       |     5 ||    18
         Phantom mirror    |       |       |       |       |       |     1 |       |     1 |     2 ||     4
         Condenser vane    |       |       |       |       |       |       |       |       |     2 ||     2
         Phial of floods   |       |       |       |       |       |       |       |       |     1 ||     1
    Use: Potion            |       |       |     5 |     2 |     3 |     3 |     5 |     2 |    27 ||    47
         Scroll            |       |       |    12 |     3 |    13 |    14 |     6 |    11 |    25 ||    84
 Armour: Scale mail        |    19 |       |       |       |       |       |       |       |       ||    19
         Chain mail        |    91 |    96 |   184 |   127 |   580 |   501 |       |       |       ||  1579
         Plate armour      |       |       |       |       |       |   280 |   874 |   627 |       ||  1781
         Gold dragon scale |       |       |       |       |       |       |       |   205 |  3315 ||  3520
         Skin              |       |       |       |       |       |       |       |    28 |       ||    28
  Dodge: Dodged            |    32 |    48 |    82 |    38 |   249 |   400 |   463 |   540 |  1224 ||  3076
  Block: Buckler           |    21 |    28 |    41 |    12 |       |       |       |       |       ||   102
         Kite shield       |       |       |       |   162 |  1218 |  1176 |  1438 |    78 |   352 ||  4424
         Tower shield      |       |       |       |       |       |       |       |  2282 |  7099 ||  9381
         Form:             |       |       |       |       |       |       |       |     2 |       ||     2
         Statue            |       |       |       |       |       |       |       |     2 |       ||     2

Table legend: (Time is in decaauts)
 A = Elapsed time spent in this place.
 B = Non-inter-level travel time spent in this place.
 C = Inter-level travel time spent in this place.
 D = Time resting spent in this place.
 E = Time spent auto-exploring this place.
 F = Levels seen in this place.
 G = Mean time per level.
                   A        B        C        D        E       F      G
               +--------+--------+--------+--------+--------+-----+--------+
         Total |  84198 |  73147 |  11051 |   9563 |  39443 | 104 |  809.6 |
       Dungeon |  16935 |  12780 |   4155 |   1191 |   8776 |  15 | 1129.0 |
        Temple |     26 |      2 |     24 |      0 |      0 |   1 |   26.0 |
          Lair |   6832 |   5699 |   1133 |   1006 |   3230 |   5 | 1366.4 |
         Swamp |   2742 |   2569 |    173 |      0 |   1892 |   4 |  685.5 |
   Spider Nest |   4397 |   4092 |    305 |    352 |   2507 |   4 | 1099.2 |
    Slime Pits |   1706 |   1567 |    139 |    168 |    617 |   5 |  341.2 |
  Orcish Mines |   1853 |   1564 |    289 |     30 |   1013 |   2 |  926.5 |
   Elven Halls |   4209 |   3658 |    551 |    442 |   1833 |   3 | 1403.0 |
        Vaults |   8274 |   7082 |   1192 |    743 |   4004 |   5 | 1654.8 |
         Crypt |   3003 |   2614 |    389 |    219 |   1483 |   3 | 1001.0 |
        Depths |   6299 |   5213 |   1086 |    181 |   3431 |   4 | 1574.8 |
          Hell |    917 |    768 |    149 |    100 |    313 |   1 |  917.0 |
           Dis |   2642 |   2565 |     77 |    478 |   1085 |   5 |  528.4 |
       Gehenna |   2335 |   2184 |    151 |    520 |    763 |   7 |  333.6 |
       Cocytus |   3627 |   3338 |    289 |   1504 |    393 |   7 |  518.1 |
      Tartarus |   1484 |   1435 |     49 |    464 |    507 |   7 |  212.0 |
           Zot |   8634 |   7740 |    894 |   1540 |   3888 |   5 | 1726.8 |
         Abyss |   2605 |   2605 |      0 |    190 |   1152 |   4 |  651.2 |
   Pandemonium |   4029 |   4029 |      0 |    222 |   1997 |  13 |  309.9 |
         Trove |     44 |     44 |      0 |      0 |      0 |   1 |   44.0 |
        Bailey |    284 |    284 |      0 |     16 |    120 |   1 |  284.0 |
    Desolation |    894 |    894 |      0 |    153 |    423 |   1 |  894.0 |
      Gauntlet |    417 |    417 |      0 |     40 |     11 |   1 |  417.0 |
               +--------+--------+--------+--------+--------+-----+--------+

Top non-repeatable levels by time:
   Zot:5: 2508 daAuts
   Zot:4: 2352 daAuts
   Dis:7: 2175 daAuts
   Coc:7: 2174 daAuts
 Abyss:3: 2108 daAuts
Vaults:3: 2080 daAuts
  Lair:5: 1947 daAuts
Vaults:1: 1894 daAuts
   Zot:2: 1876 daAuts
Depths:2: 1861 daAuts
Depths:3: 1821 daAuts
   Elf:3: 1768 daAuts
     D:6: 1659 daAuts
  Lair:3: 1622 daAuts
    D:13: 1581 daAuts
